 Dungeon Crawl Stone Soup version 0.30-a0-347-gf58ed5266c (webtiles) character file.

Game seed: 12509228509251316880

384 Shayle the Trooper (level 7, -2/53 HPs)
             Began as a Djinni Reaver on Nov 5, 2022.
             Slain by an orc wizard
             ... wielding a staff of cold
              (4 damage)
             ... on level 3 of the Dungeon.
             The game lasted 00:12:51 (4317 turns).

Shayle the Trooper (Djinni Reaver)                  Turns: 4317, Time: 00:12:52

Health: -2/53      AC:  3    Str: 11    XL:     7   Next: 6%
Gold:   892        EV: 12    Int: 17    God:
                   SH:  0    Dex: 11

rFire   + + .      SeeInvis .    c - +4 dagger
rCold   x . .      Faith    .    (no shield)
rNeg    . . .      Spirit   .    a - +0 leather armour
rPois   ∞          Reflect  .    (no helmet)
rElec   .          Harm     .    (no cloak)
rCorr   .          Rampage  .    (no gloves)
Will    .....                    (boots unavailable)
Stlth   +.........               (no amulet)
HPRegen 0.28/turn                (no ring)
MPRegen 0.00/turn                (no ring)

@: confused, mighty, flying, studying 2 skills
A: sickness immunity, fire resistance 2, cold vulnerability 1, float, innate
caster, HP casting, extra vitality 1
a: no special abilities


You were on level 3 of the Dungeon.
You visited 1 branch of the dungeon, and saw 4 of its levels.

You collected 892 gold pieces.

Inventory:

Hand Weapons
 c - a +4 dagger (weapon)
 i - a +0 whip
Armour
 a - a +0 leather armour (worn)
 j - a +0 ring mail
Scrolls
 b - 2 scrolls of vulnerability {unknown}
 e - 2 scrolls of fog {unknown}
 f - a scroll of identify
 g - a scroll of noise {unknown}
 k - a scroll of enchant armour {unknown}
 m - a scroll of silence {unknown}
 o - a scroll of enchant weapon {unknown}
 q - a scroll of teleportation {unknown}
 t - a scroll of poison {unknown}
 u - a scroll of magic mapping {unknown}
Potions
 d - 2 potions of might
 h - a potion of brilliance
 l - a potion of resistance
 p - a potion of cancellation {unknown}
 r - a potion of magic {unknown}
 s - a potion of degeneration {unknown}
 v - a potion of mutation {unknown}


   Skills:
 + Level 4.3 Fighting
 + Level 3.9 Dodging
 + Level 2.3 Stealth
 + Level 4.2 Unarmed Combat
 + Level 3.9 Spellcasting


You had 2 spell levels left.
You knew the following spells:

 Your Spells              Type           Power      Damage    Failure   Level
a - Kiss of Death         Conj/Necr      64%        2d10      4%          1
b - Momentum Strike       Conj/Tloc      32%        3d8       6%          2
c - Hailstorm             Conj/Ice       16%        3d6       13%         3
d - Freeze                Ice            64%        1d7       4%          1
e - Wereblood             Tmut           16%        N/A       6%          2
f - Ensorcelled Hibernat  Hex/Ice        32%        N/A       6%          2
Your spell library was empty.

Dungeon Overview and Level Annotations

Branches:
Dungeon (4/15)
 Temple: D:4-7

Altars:
Cheibriados
Dithmenos

Shops:
D:3 (

Annotations:
D:2 1 runed translucent door, Crazy Yiuf
D:4 Edmund


Innate Abilities, Weirdness & Mutations

You are immune to sickness and miasma.
You are immune to poison.
Your flesh is very heat resistant. (rF++)
You are vulnerable to cold. (rC-)
You float through the air rather than walking.
You learn spells naturally, not from books.
Your magical power is your life essence.
You have superior vitality. (+4 MHP)


Message History

Something freezes you.
The orc priest hits you with a +0 short sword.
You bump into the rock wall.
Something hits you.
The orc priest invokes the aid of Beogh against you.
Beogh smites you!
You puncture the orc priest!
You kill the orc priest!
You feel less confused.
You hear some strange, mumbled words.
A magic dart appears from out of thin air!
The magic dart hits you!
* * * LOW HITPOINT WARNING * * *
You have reached level 7!
The power to cast Ensorcelled Hibernation wells up from within.
Spell assigned to 'f'.
You closely miss something. Something hits you.
* * * LOW HITPOINT WARNING * * *
Unknown command.
You feel better. Something hits you.
* * * LOW HITPOINT WARNING * * *
You puncture something!
You hear some strange, mumbled words.
You are confused.
You bump into the rock wall.
You hear some strange, mumbled words.
A magic dart appears from out of thin air!
The magic dart hits you.
* * * LOW HITPOINT WARNING * * *
You closely miss something.
You hear some strange, mumbled words.
A magic dart appears from out of thin air!
The magic dart hits you.
* * * LOW HITPOINT WARNING * * *
You hit something.
You hear some strange, mumbled words.
Something tries to affect you, but you resist.
You bump into the rock wall.
Something hits you.
* * * LOW HITPOINT WARNING * * *
Something freezes you.
You die...

.##.#..'..∩..<..'..#.#.#..#..#
.##.#.#####''####............#
.##.#.# #........#.#.#.##..#
...(#.#######...####.#.#.##.###
###....................#.##...#
###.#..................#.##.###
..#.........................#
#########..###.#####.#.#.####
..........)..#.{@)...#.#.#
#########..#.#########.#.#
#.....# #.#.######## ##.####
#.#........# #.# #.########.#
#.# #.########.# ##########.#
#..........# ......)).[.#
##########.# ############ #.#


There were no monsters in sight!

Vanquished Creatures
  Sigmund (D:4)
  A phantom (D:4)
  A hound (D:4)
  An orc priest (D:3)
  An orc wizard (D:3)
  A gnoll (D:1)
  2 adders
  2 worms (D:3)
  5 dart slugs
  4 orcs (D:3)
  2 bats
  6 endoplasms
  A giant cockroach (D:4)
  8 goblins
  8 hobgoblins
  7 jackals
  7 kobolds
  A quokka (D:1)
  5 ball pythons
  3 frilled lizards
  2 rats
69 creatures vanquished.

Vanquished Creatures (others)
  An iguana (D:4)
  An orc wizard (D:3)
  2 adders (D:2)
4 creatures vanquished.

Grand Total: 73 creatures vanquished

Notes
Turn   | Place    | Note
-------+----------+-------------------------------------------
     0 | D:1      | Shayle the Djinni Reaver began the quest for the Orb.
     0 | D:1      | Shayle set off with the following spells memorised: Kiss of
                  | Death, Momentum Strike, Hailstorm.
     0 | D:1      | Reached XP level 1. HP: 18/18 MP: 0/0
   144 | D:1      | Reached XP level 2. HP: 17/23 MP: 0/0
   635 | D:1      | Reached XP level 3. HP: 15/28 MP: 0/0
   635 | D:1      | Learned a level 1 spell: Freeze
  1291 | D:2      | Identified 2 scrolls of acquirement
  1291 | D:2      | Acquired a manual of Fighting
  1293 | D:2      | Acquired a manual of Spellcasting
  1333 | D:2      | Reached skill level 1 in Stealth
  1477 | D:2      | Reached XP level 4. HP: 27/34 MP: 0/0
  1794 | D:2      | Found a runed translucent door.
  1795 | D:2      | Noticed Crazy Yiuf
  2154 | D:3      | Reached XP level 5. HP: 20/40 MP: 0/0
  2154 | D:3      | Learned a level 2 spell: Wereblood
  2487 | D:3      | Acquired 686 gold pieces
  2962 | D:3      | Found a snail-covered altar of Cheibriados.
  3132 | D:3      | Found Goibash's Antique Weapon Emporium.
  3371 | D:4      | Noticed Sigmund
  3492 | D:4      | Noticed an ogre
  3557 | D:4      | Killed Sigmund
  3558 | D:4      | Reached XP level 6. HP: 19/47 MP: 0/0
  3679 | D:4      | HP: 1/47 [iguana (13)]
  3955 | D:4      | Found a shadowy altar of Dithmenos.
  3963 | D:4      | Noticed Edmund
  4311 | D:3      | Reached XP level 7. HP: 14/53 MP: 0/0
  4311 | D:3      | Learned a level 2 spell: Ensorcelled Hibernation
  4317 | D:3      | HP: 2/53 [something (4)]
  4317 | D:3      | Slain by an orc wizard

Illustrated notes

Levels and vault maps discovered:
D:1:      minmay_arrival_open_corners, layout_loops_ring, hex_large,
          reono_crystal_passage, roderic_st_hans_cross
D:2:      layout_basic, minmay_misc_feat_x, uniq_crazy_yiuf_cottage
D:3:      layout_basic, slow_altar_2, serial_shops, nicolae_shop_hallway_stairs
D:4:      layout_basic, mainiacjoe_overflow_surrounded_room, minmay_circle_x,
          uniq_sigmund, uniq_robin, uniq_grinder, uniq_edmund

Skill      XL: |  1  2  3  4  5  6 |
---------------+-------------------+-----
Stealth        | 1 2 |  2.3
Fighting       | 3 4 |  4.3
Dodging        | 3 |  3.9
Spellcasting   | 3 |  3.9
Unarmed Combat | 4 |  4.2

Action                   |  1- 3 |  4- 6 |  7- 9 || total
-------------------------+-------+-------+-------++-------
Melee: Unarmed           |    70 |       |       ||    70
       Whip              |   104 |   149 |       ||   253
       Punch             |     1 |     3 |       ||     4
       Dagger            |       |    22 |     4 ||    26
 Cast: Momentum Strike   |     3 |     7 |       ||    10
       Freeze            |       |    17 |       ||    17
       Hailstorm         |       |     9 |       ||     9
  Use: Scroll            |     2 |     5 |       ||     7
       Potion            |       |     5 |     1 ||     6
 Stab: Sleeping          |     1 |     1 |       ||     2
Armor: Leather armour    |    41 |    50 |       ||    91
Dodge: Dodged            |   117 |   104 |       ||   221

Table legend: (Time is in decaauts)
 A = Elapsed time spent in this place.
 B = Non-inter-level travel time spent in this place.
 C = Inter-level travel time spent in this place.
 D = Time resting spent in this place.
 E = Time spent auto-exploring this place.
 F = Levels seen in this place.
 G = Mean time per level.
                   A        B        C        D        E       F      G
               +--------+--------+--------+--------+--------+-----+--------+
         Total |   4341 |   4047 |    294 |    749 |   2285 |   4 | 1085.2 |
       Dungeon |   4341 |   4047 |    294 |    749 |   2285 |   4 | 1085.2 |
               +--------+--------+--------+--------+--------+-----+--------+

Top non-repeatable levels by time:
     D:3: 2105 daAuts
     D:1: 1031 daAuts
     D:2: 785 daAuts
     D:4: 419 daAuts
